 Dungeon Crawl Stone Soup version 0.30-b1-2-g02819fbbbe (webtiles) character file.

Game seed: 8259426985018475415

32 Alarkh the Charlatan (level 3, 26/26 HPs)
             Began as a Demonspawn Artificer on Aug 18, 2023.
             Got out of the dungeon alive.
             The game lasted 00:01:30 (526 turns).

Alarkh the Charlatan (Demonspawn Artificer)          Turns: 526, Time: 00:01:31

Health: 26/26      AC:  5    Str: 12    XL:     3   Next: 8%
Magic:  3/3        EV: 11    Int: 14    God:
Gold:   32         SH:  0    Dex: 13    Spells: 2/2 levels left

rFire   . . .        a - +0 club
rCold   . . .        (no shield)
rNeg    . . .        b - +0 leather armour
rPois   .            (no helmet)
rElec   .            (no cloak)
rCorr   .            (no gloves)
SInv    .            (no boots)
Will    .....        (no amulet)
Stlth   +            (no ring)
HPRegen 0.24/turn    (no ring)
MPRegen 0.08/turn

%: no passive effects
@: no status effects
A: slimy green scales 1, powered by pain 1
a: no special abilities


You escaped.
You visited 1 branch of the dungeon, and saw 1 of its levels.

You collected 32 gold pieces.

Inventory:

Hand Weapons
 a - a +0 club (weapon)
Armour
 b - a +0 leather armour (worn)
Wands
 c - a wand of flame (10) (quivered)
 d - a wand of charming (11)
 e - a wand of iceblast (5)


   Skills:
 + Level 1.5 Fighting
 + Level 0.2 Maces & Flails
 + Level 2.0 Armour
 + Level 1.0 Dodging
 + Level 0.8 Stealth
 + Level 3.7 Evocations


You had 2 spell levels left.
You didn't know any spells.
Your spell library was empty.

Dungeon Overview and Level Annotations

Branches:
Dungeon (1/15)

Altars:


Innate Abilities, Weirdness & Mutations

You are partially covered in slimy green scales. (AC +2)
You sometimes gain a little power by taking damage.


Message History

You are too injured to fight recklessly!
You are too injured to fight recklessly!
You are too injured to fight recklessly!
You barely miss the ball python.
The ball python bites you but does no damage.
The ball python grabs you. The ball python constricts you.
You hit the ball python.
The ball python is moderately wounded.
The ball python bites you but does no damage.
The ball python constricts you. The ball python bites you.
The ball python constricts you.
You closely miss the ball python.
The ball python is moderately wounded.
The ball python barely misses you. The ball python constricts you.
You hit the ball python.
You kill the ball python!
Found 13 gold pieces.
You now have 21 gold pieces (gained 9).
Items here: )) ††.
Found 4 stones.
Items here: ( )) [ ††.
Items here: )) ††.
You now have 32 gold pieces (gained 11).
You see here a quokka corpse.
Things that are here:
a +0 whip; a kobold corpse You see here a bat corpse.
There is a shaft here.
Things that are here:
a +0 dagger; 2 stones
Things that are here:
a +0 dagger; a bat skeleton You see here a frilled lizard skeleton.
Items here: )) ÷÷÷÷÷.
You see here 8 stones.
You see here 12 stones.
There is an open door here.
There is a staircase leading out of the dungeon here.
Are you sure you want to leave the Dungeon?
This will make you lose the game!
You have escaped!

###...# ###.###
#....#.## #...### #...#
#......# #.#+### ###'#
#....####
#.#(#.#♣♣♣♣♣#.#.#
#.......#
#.#.............#
#.......#
#.#..♣..♣.♣..♣..#
####....#
#.#~#♣♣..~..♣♣#≈#
#####....#
#.#≈#P♣.~~~.♣P#≈#
#..)÷....#
#.#≈#>..~8~..@#≈#
#.########
#.#≈#P♣.~≈~.♣P#≈# #.#
#.#≈#♣♣..~..♣♣#~# ###.#
#.#.)♣..♣.♣..♣..###...#
#)#.............#...###
##.#.#.#♣♣♣♣♣#.#.#(###
#..#'### ###'#.# #.#..#
#.(.# #...## #####


There were no monsters in sight!

Vanquished Creatures
  2 dart slugs (D:1)
  An endoplasm (D:1)
  2 goblins (D:1)
  5 jackals (D:1)
  4 kobolds (D:1)
  A quokka (D:1)
  3 ball pythons (D:1)
  3 bats (D:1)
21 creatures vanquished.

Vanquished Creatures (collateral kills)
  A giant cockroach (D:1)
  2 frilled lizards (D:1)
  2 kobolds (D:1)
5 creatures vanquished.

Vanquished Creatures (others)
  A jackal (D:1)
  2 kobolds (D:1)
3 creatures vanquished.

Grand Total: 29 creatures vanquished

Notes
Turn   | Place    | Note
-------+----------+-------------------------------------------
     0 | D:1      | Alarkh the Demonspawn Artificer began the quest for the
                  | Orb.
     0 | D:1      | Reached XP level 1. HP: 15/15 MP: 1/1
   137 | D:1      | Gained mutation: You sometimes gain a little power by
                  | taking damage. [demonic ancestry]
   137 | D:1      | Reached XP level 2. HP: 3/21 MP: 2/2
   410 | D:1      | Reached skill level 1 in Dodging
   432 | D:1      | Gained mutation: You are partially covered in slimy green
                  | scales. (AC +2) [demonic ancestry]
   432 | D:1      | Reached XP level 3. HP: 22/26 MP: 3/3
   526 | D:$      | Got out of the dungeon alive.

Illustrated notes

Levels and vault maps discovered:
D:1:      tarquinn_simple_flora_water_b, layout_basic

Skill      XL: |  1  2 |
---------------+-------+-----
Armour         | 2 |  2.0
Dodging        | 1 |  1.0
Fighting       | |  1.5
Maces & Flails | |  0.2
Stealth        | |  0.8
Evocations     | |  3.7

Action                     || total
---------------------------++-------
  Melee: Club              ||   111
         Punch             ||     1
  Evoke: Wand              ||     9
 Armour: Leather armour    ||    62
  Dodge: Dodged            ||   110
